PCL
REDWOOD CITY REDWOODS @ GRESHAM GOLD SOULS
08/12/2024
 
TOP OF THE 1ST
Redwood City Redwoods batting - Pitching for Gresham Gold Souls : RHP Ron Biller
Pitching: RHP Ron Biller
Batting: LHB Alfonso Montoya 0-0: Foul Ball, location: 2F
0-1: Ball
1-1: Ball
2-1: Called Strike
2-2: Foul Ball, location: 2F
2-2: Foul Ball, location: 2F
2-2: Strikes out swinging
Batting: LHB Juan Hernández 0-0: Called Strike
0-1: SINGLE (Groundball, 34D) (infield hit)
Batting: LHB Vincente Sáenz 0-0: Called Strike
0-1: Swinging Strike
0-2: Foul Ball, location: 2F
0-2: Foul Ball, location: 2F
0-2: Foul Ball, location: 2F
0-2: Ball
1-2: Strikes out swinging
Batting: LHB Patrick Bright 0-0: Called Strike
0-1: Fielders Choice at 2nd, U4 (Groundball, 4M)
Top of the 1st over - 0 run(s), 1 hit(s), 0 error(s), 1 left on base; Redwood City 0 - Gresham 0
BOTTOM OF THE 1ST
Gresham Gold Souls batting - Pitching for Redwood City Redwoods : RHP Manuel Mora
Pitching: RHP Manuel Mora
Batting: SHB Sean Carr 0-0: Ground out 4-3 (Groundball, 4)
Batting: RHB Carlos García 0-0: Ball
1-0: Ground out 5-3 (Groundball, 56)
Batting: LHB Mike Young 0-0: Ball
1-0: Ball
2-0: Foul Ball, location: 2F
2-1: Ball
3-1: Base on Balls
Batting: LHB Salvador Ruíz 0-0: Called Strike
0-1: Foul Ball, location: 2F
0-2: Ball
Mike Young steals 2nd base
1-2: Ground out 6-3 (Groundball, 6M)
Bottom of the 1st over - 0 run(s), 0 hit(s), 0 error(s), 1 left on base; Redwood City 0 - Gresham 0
TOP OF THE 2ND
Redwood City Redwoods batting - Pitching for Gresham Gold Souls : RHP Ron Biller
Batting: LHB Tony Warrilow 0-0: Ball
1-0: Ball
2-0: Called Strike
2-1: Foul Ball, location: 2F
2-2: Foul Ball, location: 2F
2-2: Foul Ball, location: 2F
2-2: Foul Ball, location: 2F
2-2: Ball
3-2: Ground out 4-3 (Groundball, 4)
Batting: RHB Anastasio García 0-0: Called Strike
0-1: DOUBLE (Flyball, 8LXD)
Batting: RHB Dan Martin 0-0: SINGLE (Groundball, 4M)
Anastasio García to third
Batting: RHB Joe Flint 0-0: Ball
1-0: Ground out 5-3 (Groundball, 5S)
Anastasio García scores
Dan Martin to second
Batting: LHB Héctor Flores 0-0: Ball
1-0: Ball
2-0: Ground out 6-3 (Groundball, 6)
Top of the 2nd over - 1 run(s), 2 hit(s), 0 error(s), 1 left on base; Redwood City 1 - Gresham 0
BOTTOM OF THE 2ND
Gresham Gold Souls batting - Pitching for Redwood City Redwoods : RHP Manuel Mora
Batting: RHB Claudio Guerra 0-0: Swinging Strike
0-1: Ball
1-1: Ball
2-1: Ball
3-1: Ground out 5-3 (Groundball, 5)
Batting: RHB Jeff Thompson 0-0: Called Strike
0-1: Ball
1-1: Ball
2-1: SINGLE (Groundball, 6MD)
Batting: LHB Jack Cartwright 0-0: Foul Ball, location: 2F
0-1: Ground out 4-3 (Groundball, 4M)
Jeff Thompson to second
Batting: RHB Pablo Castillo 0-0: Ball
1-0: Ball
2-0: Ground out 6-3 (Groundball, 6)
Bottom of the 2nd over - 0 run(s), 1 hit(s), 0 error(s), 1 left on base; Redwood City 1 - Gresham 0
TOP OF THE 3RD
Redwood City Redwoods batting - Pitching for Gresham Gold Souls : RHP Ron Biller
Batting: LHB Alfonso Montoya 0-0: Called Strike
0-1: SINGLE (Line Drive, 34)
Batting: LHB Juan Hernández 0-0: Ball
1-0: Swinging Strike
1-1: Ball
2-1: Foul Ball, location: 2F
2-2: Foul Ball, location: 2F
2-2: Strikes out swinging
Batting: LHB Vincente Sáenz 0-0: Ball
1-0: Ball
2-0: Fielders Choice at 2nd, 6-4 (Groundball, 6M)
Batting: LHB Patrick Bright 0-0: Ball
1-0: Foul Ball, location: 2F
1-1: Foul Ball, location: 2F
1-2: Strikes out swinging
Top of the 3rd over - 0 run(s), 1 hit(s), 0 error(s), 1 left on base; Redwood City 1 - Gresham 0
BOTTOM OF THE 3RD
Gresham Gold Souls batting - Pitching for Redwood City Redwoods : RHP Manuel Mora
Batting: SHB Vicente Martínez 0-0: Ground out 4-3 (Groundball, 4S)
Batting: SHB Sean Carr 0-0: Ball
1-0: Ball
2-0: Called Strike
2-1: SINGLE (Groundball, 6M)
Batting: RHB Carlos García 0-0: Ball
1-0: Grounds into double play, 4-6-3 (Groundball, 34)
Bottom of the 3rd over - 0 run(s), 1 hit(s), 0 error(s), 0 left on base; Redwood City 1 - Gresham 0
TOP OF THE 4TH
Redwood City Redwoods batting - Pitching for Gresham Gold Souls : RHP Ron Biller
Batting: LHB Tony Warrilow 0-0: Ball
1-0: Ball
2-0: Ball
3-0: Base on Balls
Batting: RHB Anastasio García 0-0: Called Strike
0-1: Ball
1-1: DOUBLE (Line Drive, 5L)
Tony Warrilow to third
Batting: RHB Dan Martin 0-0: Ball
1-0: Called Strike
1-1: Ball
2-1: Ground out 6-3 (Groundball, 6M)
Tony Warrilow scores
Anastasio García to third
Batting: RHB Joe Flint 0-0: Ball
1-0: Ball
2-0: Ball
3-0: Called Strike
3-1: Fly out, F8 (Flyball, 78M)
Batting: LHB Héctor Flores 0-0: Called Strike
0-1: Fly out, F5 (Popup, 25F)
Top of the 4th over - 1 run(s), 1 hit(s), 0 error(s), 1 left on base; Redwood City 2 - Gresham 0
BOTTOM OF THE 4TH
Gresham Gold Souls batting - Pitching for Redwood City Redwoods : RHP Manuel Mora
Batting: LHB Mike Young 0-0: Ball
1-0: Swinging Strike
1-1: Ball
2-1: Foul Ball, location: 2F
2-2: Strikes out looking
Batting: LHB Salvador Ruíz 0-0: Called Strike
0-1: Hit by Pitch
Batting: RHB Claudio Guerra 0-0: Ball
1-0: SINGLE (Line Drive, 34D)
Salvador Ruíz to second
Batting: RHB Jeff Thompson 0-0: Ball
1-0: Foul Ball, location: 2F
1-1: SINGLE (Flyball, 9LS)
Salvador Ruíz to third
Claudio Guerra to second
Runner from 3rd tries for Home, SAFE, no throw or cutoff
Batting: LHB Jack Cartwright 0-0: Reached on error, E1 (Groundball, 13)
Claudio Guerra to third
Jeff Thompson to second
Batting: RHB Pablo Castillo 0-0: Ball
1-0: Ball
2-0: Ball
3-0: Called Strike
3-1: Called Strike
3-2: Strikes out swinging
Batting: SHB Vicente Martínez 0-0: Ball
1-0: Foul Ball, location: 2F
1-1: Ball
2-1: Called Strike
2-2: Ground out 3-1 (Groundball, 34)
Bottom of the 4th over - 1 run(s), 2 hit(s), 1 error(s), 3 left on base; Redwood City 2 - Gresham 1
TOP OF THE 5TH
Redwood City Redwoods batting - Pitching for Gresham Gold Souls : RHP Ron Biller
Batting: LHB Alfonso Montoya 0-0: Swinging Strike
0-1: Ball
1-1: Ball
2-1: Foul Ball, location: 2F
2-2: Strikes out swinging
Batting: LHB Juan Hernández 0-0: Ball
1-0: Ball
2-0: Foul Ball, location: 2F
2-1: Foul Ball, location: 2F
2-2: Ball
3-2: Ground out 4-3 (Groundball, 4)
Batting: LHB Vincente Sáenz 0-0: Ground out 4-3 (Groundball, 13)
Top of the 5th over - 0 run(s), 0 hit(s), 0 error(s), 0 left on base; Redwood City 2 - Gresham 1
BOTTOM OF THE 5TH
Gresham Gold Souls batting - Pitching for Redwood City Redwoods : RHP Manuel Mora
Batting: SHB Sean Carr 0-0: Foul Ball, location: 2F
0-1: Foul Ball, location: 2F
0-2: SINGLE (Groundball, 6MD) (infield hit)
Batting: RHB Carlos García 0-0: Foul Ball, location: 2F
0-1: Called Strike
0-2: Foul Ball, location: 2F
0-2: Strikes out swinging
Batting: LHB Mike Young 0-0: Ball
1-0: Ball
2-0: Swinging Strike
2-1: Fielders Choice at 2nd, 4-6 (Groundball, 4)
Batting: LHB Salvador Ruíz 0-0: Ball
1-0: Ball
2-0: Ball
3-0: Base on Balls
Mike Young to second
Batting: RHB Claudio Guerra 0-0: Fly out, F9 (Flyball, 9M)
Bottom of the 5th over - 0 run(s), 1 hit(s), 0 error(s), 2 left on base; Redwood City 2 - Gresham 1
TOP OF THE 6TH
Redwood City Redwoods batting - Pitching for Gresham Gold Souls : RHP Ron Biller
Batting: LHB Patrick Bright 0-0: Ball
1-0: Ball
2-0: Ball
3-0: Called Strike
3-1: Base on Balls
Batting: LHB Tony Warrilow 0-0: Foul Ball, location: 2F
0-1: Ball
1-1: Ball
2-1: Foul Ball, location: 2F
2-2: Ball
3-2: DOUBLE (Line Drive, 8RD)
Patrick Bright to third
Batting: RHB Anastasio García 0-0: Ball
1-0: Ball
2-0: Ball
3-0: Base on Balls
Batting: RHB Dan Martin 0-0: Foul Ball, location: 2F
0-1: Ball
Wild Pitch!
Patrick Bright scores
Tony Warrilow to third
Anastasio García to second
1-1: Foul Ball, location: 2F
1-2: Foul Ball, location: 2F
1-2: Strikes out looking
Pitching: RHP José González
Batting: RHB Joe Flint 0-0: SINGLE (Groundball, 4M)
Tony Warrilow scores
Anastasio García to third
Runner from 3rd tries for Home, SAFE, throw made home
Joe Flint to second
Batting: LHB Héctor Flores 0-0: Called Strike
0-1: Swinging Strike
0-2: Strikes out looking
Batting: LHB Alfonso Montoya 0-0: Swinging Strike
0-1: Called Strike
0-2: Strikes out swinging
Top of the 6th over - 3 run(s), 2 hit(s), 0 error(s), 1 left on base; Redwood City 5 - Gresham 1
BOTTOM OF THE 6TH
Gresham Gold Souls batting - Pitching for Redwood City Redwoods : RHP Manuel Mora
Batting: RHB Jeff Thompson 0-0: Foul Ball, location: 2F
0-1: Swinging Strike
0-2: Foul Ball, location: 2F
0-2: Ball
1-2: Ball
2-2: Fly out, F9 (Flyball, 9LM)
Batting: LHB Jack Cartwright 0-0: Called Strike
0-1: Ball
1-1: Ball
2-1: Foul Ball, location: 2F
2-2: Foul Ball, location: 2F
2-2: Ball
3-2: Strikes out swinging
Batting: RHB Pablo Castillo 0-0: Ball
1-0: Ball
2-0: Ball
3-0: Called Strike
3-1: Base on Balls
Batting: SHB Vicente Martínez 0-0: Ball
1-0: Foul Ball, location: 2F
1-1: Ball
2-1: Ball
3-1: Ground out 4-3 (Groundball, 4)
Bottom of the 6th over - 0 run(s), 0 hit(s), 0 error(s), 1 left on base; Redwood City 5 - Gresham 1
TOP OF THE 7TH
Redwood City Redwoods batting - Pitching for Gresham Gold Souls : RHP José González
Batting: LHB Juan Hernández 0-0: Foul Ball, location: 2F
0-1: Ball
1-1: Swinging Strike
1-2: Ball
2-2: Reached on error, E4 (Groundball, 4)
Batting: LHB Vincente Sáenz 0-0: Called Strike
0-1: Swinging Strike
0-2: Ball
1-2: Ball
2-2: Fly out, F3 (Popup, 34)
Batting: LHB Patrick Bright 0-0: Grounds into double play, U4-3 (Groundball, 4)
Top of the 7th over - 0 run(s), 0 hit(s), 1 error(s), 0 left on base; Redwood City 5 - Gresham 1
BOTTOM OF THE 7TH
Gresham Gold Souls batting - Pitching for Redwood City Redwoods : RHP Manuel Mora
Batting: SHB Sean Carr 0-0: Foul Ball, location: 2F
0-1: SINGLE (Groundball, 56)
Pitching: RHP William Simpson
Batting: RHB Carlos García 0-0: Ball
1-0: Fly out, F7 (Flyball, 7S)
Batting: LHB Mike Young 0-0: Called Strike
0-1: Ball
1-1: Foul Ball, location: 2F
1-2: Foul Ball, location: 2F
1-2: Strikes out swinging
Batting: LHB Salvador Ruíz 0-0: Called Strike
0-1: SINGLE (Line Drive, 7S)
Sean Carr to second
Batting: RHB Claudio Guerra 0-0: Ball
1-0: 3-RUN HOME RUN (Line Drive, 7D), Distance : 418 ft
Batting: RHB Jeff Thompson 0-0: Called Strike
0-1: Ball
1-1: Swinging Strike
1-2: Foul Ball, location: 2F
1-2: Ball
2-2: Strikes out swinging
Bottom of the 7th over - 3 run(s), 3 hit(s), 0 error(s), 0 left on base; Redwood City 5 - Gresham 4
TOP OF THE 8TH
Redwood City Redwoods batting - Pitching for Gresham Gold Souls : RHP José González
Batting: LHB Tony Warrilow 0-0: Called Strike
0-1: Called Strike
0-2: Strikes out looking
Pitching: RHP Jorge Oliva
Batting: RHB Anastasio García 0-0: Swinging Strike
0-1: Called Strike
0-2: Ball
1-2: Ball
2-2: DOUBLE (Line Drive, 7LS)
Pinch Hitting: LHB Oliver Frías 0-0: Intentional Walk
Pinch Hitting: LHB Glen Martin 0-0: Fly out, F7 (Line Drive, 7S)
Batting: LHB Héctor Flores 0-0: Fly out, F7 (Flyball, 78D)
Top of the 8th over - 0 run(s), 1 hit(s), 0 error(s), 2 left on base; Redwood City 5 - Gresham 4
BOTTOM OF THE 8TH
Gresham Gold Souls batting - Pitching for Redwood City Redwoods : RHP William Simpson
Pitching: LHP Haywood Brown
Now at C: Orlando Santos
Now at 1B: Carlos Gonzáles
Now in LF: Glen Martin
Now in CF: River Wilson
Batting: LHB Jack Cartwright 0-0: SINGLE (Groundball, 5D)
Pitching: LHP George Owens
Pinch Runner at 1st Daniel Guerrero:
Batting: RHB Pablo Castillo 0-0: Foul Ball, location: 2F
0-1: Ball
1-1: Ball
2-1: Ball
3-1: Base on Balls
Daniel Guerrero to second
Pinch Hitting: RHB Lorenzo Morín 0-0: Bunt missed!
0-1: Sac Bunt - play at first, batter OUT! 5-4
Daniel Guerrero to third
Pablo Castillo to second
Batting: SHB Sean Carr 0-0: Called Strike
0-1: Ball
1-1: Swinging Strike
1-2: SINGLE (Groundball, 25) (infield hit)
Pitching: RHP Jim Williams
Batting: RHB Carlos García 0-0: Ball
1-0: Ball
Passed Ball!
Daniel Guerrero scores
Pablo Castillo to third
Sean Carr to second
2-0: Foul Ball, location: 2F
2-1: Fly out, F9 (Flyball, 9D)
Runner from 3rd tags up, SCORES, no throw
Sean Carr to third
Batting: LHB Mike Young 0-0: Fly out, F7 (Line Drive, 7M)
Bottom of the 8th over - 2 run(s), 2 hit(s), 0 error(s), 1 left on base; Redwood City 5 - Gresham 6
TOP OF THE 9TH
Redwood City Redwoods batting - Pitching for Gresham Gold Souls : RHP Jorge Oliva
Pitching: LHP Juan Ortíz
Now at C: Luke McIndoe
Now at 1B: Lorenzo Morín
Now in RF: Daniel Guerrero
Pinch Hitting: RHB Fu Tse 0-0: Called Strike
0-1: Ball
1-1: Ball
2-1: Swinging Strike
2-2: Foul Ball, location: 2F
2-2: Ball
3-2: Foul Ball, location: 2F
3-2: Foul Ball, location: 2F
3-2: Base on Balls
Pinch Hitting: RHB William Parker 0-0: Ball
1-0: Grounds into double play, 6-4-3 (Groundball, 6)
Batting: LHB Vincente Sáenz 0-0: Ball
1-0: Called Strike
1-1: Ball
2-1: Foul Ball, location: 2F
2-2: Foul Ball, location: 2F
2-2: Strikes out swinging
Top of the 9th over - 0 run(s), 0 hit(s), 0 error(s), 0 left on base; Redwood City 5 - Gresham 6
This league is powered by Out of the Park Baseball, the baseball management simulation game for PC, Mac and Linux
Saturday, April 9th, 2016 - OOTP Baseball 16.8 Build 38